 Dungeon Crawl Stone Soup version 0.27-a0-385-g3208abaabc (webtiles) character file.

Game seed: 8841304972669978865

148 kae the Ruffian (level 5, 0/41 HPs)
             Began as a Draconian Transmuter on Feb 17, 2021.
             Slain by a sky beast (6 damage)
             ... on level 3 of the Dungeon on Feb 18, 2021.
             The game lasted 00:01:58 (2400 turns).

kae the Ruffian (Draconian Transmuter)              Turns: 2400, Time: 00:01:59

Health: 0/41       AC:  6    Str: 13    XL:     5   Next: 8%
Magic:  8/8        EV: 12    Int: 13    God:
Gold:   245        SH:  0    Dex: 12    Spells: 4/8 levels left

rFire    . . .     SeeInvis .     - Unarmed
rCold    . . .     Faith    .   (no shield)
rNeg     . . .     Spirit   .   (armour unavailable)
rPois    .         Reflect  .   (helmet restricted)
rElec    .         Harm     .   c - +0 cloak
rCorr    .         Rampage  .   (no gloves)
Will     .....                  (no boots)
Stlth    +.........             (no amulet)
HPRegen  0.13/turn              (no ring)
MPRegen  0.11/turn              (no ring)

@: no status effects
A: unfitting armour, cold-blooded, AC +5
a: no special abilities


You were on level 3 of the Dungeon.
You visited 1 branch of the dungeon, and saw 3 of its levels.

You collected 245 gold pieces.

Inventory:

Armour
 c - a +0 cloak (worn)
Scrolls
 a - 3 scrolls of identify
 e - a scroll of amnesia
 f - 2 scrolls of teleportation
 g - a scroll of enchant armour {unknown}
Potions
 b - 2 potions of curing
 d - a potion of haste


   Skills:
 + Level 2.0 Fighting
 + Level 2.4 Dodging
 * Level 3.8 Unarmed Combat
 + Level 2.4 Spellcasting
 * Level 3.2 Transmutations
 * Level 1.4 Poison Magic


You had 4 spell levels left.
You knew the following spells:

 Your Spells              Type           Power        Failure   Level
a - Beastly Appendage     Tmut           18%          7%          1
b - Spider Form           Tmut/Pois      3%           28%         3

Your spell library contained the following spells:

 Spells                   Type           Power        Failure   Level
 Wereblood                Tmut           9%           10%         2
 Ice Form                 Ice/Tmut       5%           77%         4
 Blade Hands              Tmut           4%           88%         5


Dungeon Overview and Level Annotations

Branches:
Dungeon (3/15)

Altars:
Xom


Innate Abilities, Weirdness & Mutations

Your plain brown scales are hard. (AC +5)
You cannot fit into any form of body armour.
You are cold-blooded and may be slowed by cold attacks.


Message History

You tail-slap the sky beast.
The sky beast is moderately wounded.
The sky beast hits you. The sky beast shocks you.
You hit the sky beast but do no damage. Your kick misses the sky beast.
Your headbutt misses the sky beast.
The sky beast is moderately wounded.
The giant cockroach bites you but does no damage.
You hit the sky beast. You headbutt the sky beast!
The sky beast is severely wounded.
The giant cockroach bites you but does no damage.
The sky beast barely misses you. The kobold hits you but does no damage.
You hit the sky beast but do no damage. Your kick misses the sky beast.
Your tail-slap misses the sky beast.
The sky beast is severely wounded.
The giant cockroach misses you. The kobold closely misses you.
The sky beast flickers out of sight!
Deactivating autopickup; reactivate with Ctrl-A.
Something hits you. Something shocks you.
The giant cockroach bites you but does no damage.
You are too injured to fight recklessly!
You are too injured to fight recklessly!
You are too injured to fight recklessly!
You are too injured to fight recklessly!
You are too injured to fight recklessly!
You are too injured to fight recklessly!
You are too injured to fight recklessly!
You hit the giant cockroach.
You kill the giant cockroach!
Your horns disappear.
Your talons disappear.
Something hits you. Something shocks you.
The kobold hits you but does no damage.
You hit the kobold.
You kill the kobold!
Something hits you. Something shocks you.
* * * LOW HITPOINT WARNING * * *
Something hits you but does no damage. Something hits you.
* * * LOW HITPOINT WARNING * * *
Something shocks you.
You die...

##..#######...#.
....#.....#......
..##.............
......(.........
#.............. #.......†....?.
. #.............. ..
#.............. ..
#(...@......... ...
##............. ##...
##.....#.....# ...
#...######..####.## ..
##......#.# #.........># ....
##...#####.# #..........#
.#.##...######.####..........#
. .........##.....##..........#
..##...............#.†........#


There were no monsters in sight!

Vanquished Creatures
  4 adders (D:2)
  3 gnolls (D:2)
  An ooze (D:1)
  3 dart slugs
  A leopard gecko (D:1)
  6 orcs
  16 bats
  3 giant cockroaches
  8 goblins
  9 hobgoblins
  2 frilled lizards
  4 kobolds
  8 rats
68 creatures vanquished.

Notes
Turn   | Place    | Note
-------+----------+-------------------------------------------
     0 | D:1      | kae the Draconian Transmuter began the quest for the Orb.
     0 | D:1      | Reached XP level 1. HP: 16/16 MP: 3/3
    10 | D:1      | Noticed a centaur
   172 | D:1      | Reached XP level 2. HP: 23/23 MP: 3/5
   675 | D:1      | Upgraded the game from 0.27-a0-380-g150de4c316 to
                  | 0.27-a0-385-g3208abaabc
   675 | D:1      | Reached XP level 3. HP: 25/28 MP: 4/6
  1156 | D:1      | Learned a level 3 spell: Spider Form
  1609 | D:2      | Reached XP level 4. HP: 34/36 MP: 5/7
  1708 | D:2      | Reached skill level 1 in Poison Magic
  2116 | D:2      | Found a shimmering altar of Xom.
  2277 | D:3      | Reached XP level 5. HP: 37/41 MP: 4/8
  2385 | D:3      | Noticed a sky beast
  2400 | D:3      | Slain by a sky beast

Illustrated notes

Levels and vault maps discovered:
D:1:      evilmike_arrival_come_back, layout_basic, minmay_tiny_reverse_x
D:2:      layout_rooms, tgw_xom, kennysheep_nondescript
D:3:      layout_rooms, lemuel_crystal_altar, uniq_natasha,
          uniq_crazy_yiuf_cottage, uniq_jessica

Skill      XL: |  1  2  3  4 |
---------------+-------------+-----
Dodging        | 2 |  2.4
Poison Magic   | 1 |  1.4
Transmutations | 3 |  3.2
Fighting       | 2 |  2.0
Unarmed Combat | |  3.8
Spellcasting   | |  2.4

Action                   |  1- 3 |  4- 6 || total
-------------------------+-------+-------++-------
Melee: Unarmed           |   110 |    70 ||   180
       Kick              |    16 |     3 ||    19
       Tailslap          |    10 |     3 ||    13
       Headbutt          |     7 |     4 ||    11
 Cast: Beastly Appendage |    19 |    10 ||    29
       Spider Form       |       |     2 ||     2
  Use: Scroll            |       |     6 ||     6
Armor: Skin              |    44 |    30 ||    74
Dodge: Dodged            |    96 |    49 ||   145

Table legend: (Time is in decaauts)
 A = Elapsed time spent in this place.
 B = Non-inter-level travel time spent in this place.
 C = Inter-level travel time spent in this place.
 D = Time resting spent in this place.
 E = Time spent auto-exploring this place.
 F = Levels seen in this place.
 G = Mean time per level.
                   A        B        C        D        E       F      G
               +--------+--------+--------+--------+--------+-----+--------+
         Total |   2388 |   2296 |     92 |    212 |   1678 |   3 |  796.0 |
       Dungeon |   2388 |   2296 |     92 |    212 |   1678 |   3 |  796.0 |
               +--------+--------+--------+--------+--------+-----+--------+

Top non-repeatable levels by time:
     D:1: 1227 daAuts
     D:2: 926 daAuts
     D:3: 234 daAuts
